 Dungeon Crawl Stone Soup version 0.28.0-53-g5a82cb258f (webtiles) character file.

Game seed: 16314096884291062158

4 moldycheese5 the Slasher (level 1, 0/16 HPs)
             Began as a Demonspawn Gladiator on June 17, 2022.
             Constricted to death by a ball python (1 damage)
             ... on level 1 of the Dungeon.
             The game lasted 00:00:20 (68 turns).

moldycheese5 the Slasher (Demonspawn Gladiator)       Turns: 68, Time: 00:00:21

Health: 0/16       AC:  4    Str: 14    XL:     1   Next: 50%
Magic:  1/1        EV:  9    Int:  9    God:
Gold:   13         SH:  0    Dex: 14    Spells: 0/0 levels left

rFire   . . .      SeeInvis .   a - +0 long sword
rCold   . . .      Faith    .   (no shield)
rNeg    . . .      Spirit   .   b - +0 leather armour
rPois   .          Reflect  .   c - +0 helmet
rElec   .          Harm     .   (no cloak)
rCorr   .          Rampage  .   (no gloves)
Will    .....                   (no boots)
Stlth   +.........              (no amulet)
HPRegen 0.05/turn               (no ring)
MPRegen 0.07/turn               (no ring)

@: constricted
A: no striking features
a: no special abilities


You were on level 1 of the Dungeon.
You visited 1 branch of the dungeon, and saw 1 of its levels.

You collected 13 gold pieces.

Inventory:

Hand Weapons
 a - a +0 long sword (weapon)
Missiles
 d - 3 throwing nets (quivered)
Armour
 b - a +0 leather armour (worn)
 c - a +0 helmet (worn)
Jewellery
 f - an amulet of the acrobat
Scrolls
 e - a scroll of teleportation {unknown}


   Skills:
 + Level 2.0 Fighting
 + Level 2.8 Long Blades
 + Level 1.8 Throwing
 + Level 2.8 Dodging


You couldn't memorise any spells.
You didn't know any spells.
Your spell library was empty.

Dungeon Overview and Level Annotations

Branches:
Dungeon (1/15)

Altars:


Message History

Found a mace.
A kobold comes into view. It is wielding a +0 club.
Found a dagger.
A goblin comes into view. It is wielding a +0 club.
The goblin shouts!
A ball python comes into view.
The ball python hisses angrily.
An endoplasm comes into view.
You barely miss the goblin. The goblin hits you but does no damage.
You miss the goblin.
The kobold shouts!
The goblin hits you with a +0 club.
You hit the goblin.
You kill the goblin!
You closely miss the ball python. The ball python closely misses you.
The ball python grabs you. The ball python constricts you.
The ball python barely misses you. The ball python constricts you.
The kobold hits you but does no damage.
You barely miss the ball python. The ball python barely misses you.
The ball python constricts you. The kobold hits you but does no damage.
The endoplasm hits you but does no damage.
You closely miss the ball python.
The ball python bites you but does no damage.
The ball python constricts you. The kobold barely misses you.
The ball python bites you but does no damage.
The ball python constricts you.
The endoplasm hits you but does no damage.
You barely miss the ball python. The kobold hits you with a +0 club.
The ball python bites you. The ball python constricts you.
The endoplasm freezes you.
You are frozen.
* * * LOW HITPOINT WARNING * * *
The kobold barely misses you.
You are too injured to fight recklessly!
You are too injured to fight recklessly!
You are too injured to fight recklessly!
You completely miss the endoplasm.
The ball python bites you but does no damage.
The ball python constricts you.
You die...

..# #.### ......
#...###>.....
#............ ##
##....#....... #..
####....##......# ##.#
#.......#........
#..#####.###.....J......
#......#.# #....@K......
.........# #....S.......
.........# #.......)....
.........###............
........................
............##.#........
.........#..............
.........####.....).....
........... ...........


You could see an endoplasm, a ball python and a kobold.

Vanquished Creatures
  An endoplasm (D:1)
  A giant cockroach (D:1)
  A goblin (D:1)
3 creatures vanquished.

Notes
Turn   | Place    | Note
-------+----------+-------------------------------------------
     0 | D:1      | moldycheese5 the Demonspawn Gladiator began the quest for
                  | the Orb.
     0 | D:1      | Reached XP level 1. HP: 16/16 MP: 1/1
    68 | D:1      | Constricted to death by a ball python

Illustrated notes

Levels and vault maps discovered:
D:1:      zaba_arrival_water, layout_rooms,
          shapermc_ecumenical_altar_mp_ritualfount

Action                   || total
-------------------------++-------
Melee: Long sword        ||    11
Armor: Leather armour    ||     9
Dodge: Dodged            ||     5
